 Dungeon Crawl Stone Soup version 0.26-a0-20-g5f92b90fa0 (webtiles) character file.

Game seed: 131636478588436707, levelgen mode: deterministic

208 HoaS the Ruffian (level 5, -10/34 HPs)
             Began as a Gargoyle Berserker on May 25, 2020.
             Was a Priest of Trog.
             Killed by divine providence
             ... invoked by an orc priest
              (15 damage)
             ... on level 3 of the Dungeon.
             The game lasted 00:04:54 (2259 turns).

HoaS the Ruffian (Gargoyle Berserker)               Turns: 2259, Time: 00:04:55

Health: -10/34     AC: 16    Str: 22    XL:     5   Next: 86%
Magic:  5/5        EV:  6    Int:  7    God:    Trog [***...]
Gold:   119        SH:  0    Dex:  9    Spells: 4/4 levels left

rFire    . . .     SeeInvis .     - Unarmed
rCold    . . .     Gourm    .   (no shield)
rNeg     + . .     Faith    .   k - +0 plate armour
rPois    ∞         Spirit   .   (no helmet)
rElec    +         Reflect  .   (no cloak)
rCorr    .         Harm     .   l - +0 pair of gloves
MR       .....                  (no boots)
Stlth    ..........             (no amulet)
HPRegen  0.11/turn              (no ring)
MPRegen  0.09/turn              (no ring)

@: no status effects
A: negative energy resistance 1, electricity resistance, unbreathing,
petrification resistance, rot immunity, AC +4
a: Berserk, Trog's Hand, Renounce Religion


You were on level 3 of the Dungeon.
You worshipped Trog.
Trog was most pleased with you.
You were hungry.

You visited 1 branch of the dungeon, and saw 3 of its levels.

You collected 119 gold pieces.

Inventory:

Missiles
 n - 31 poisoned darts (quivered)
Armour
 k - a +0 plate armour (worn)
 l - a +0 pair of gloves (worn)
Jewellery
 e - an uncursed ring of stealth {unknown}
 m - an uncursed amulet of magic regeneration {unknown}
 u - a +4 ring of protection {unknown}
Scrolls
 c - 3 scrolls of teleportation {unknown}
 d - a scroll of identify {unknown}
 g - 2 scrolls of magic mapping {unknown}
 p - a scroll of enchant weapon {unknown}
 q - 2 scrolls of fear {unknown}
 s - a scroll of blinking {unknown}
Potions
 f - a potion of curing {unknown}
 h - a potion of might {unknown}
 i - 2 potions of lignification {unknown}
 j - a potion of haste {unknown}
 o - a potion of flight {unknown}
 r - 2 potions of cancellation {unknown}
 t - a potion of stabbing {unknown}
 v - a potion of heal wounds {unknown}
Comestibles
 b - 6 rations


   Skills:
 + Level 4.7 Fighting
 - Level 2.1 Armour
 - Level 1.5 Dodging
 * Level 5.5 Unarmed Combat


You had 4 spell levels left.
You didn't know any spells.
Your spell library was empty.

Dungeon Overview and Level Annotations

Branches:
Dungeon (3/15)

Altars:
Elyvilon
Fedhas
Kikubaaqudgha
Makhleb
Ru
Sif Muna
Vehumet


Innate Abilities, Weirdness & Mutations

You are resistant to torment.
Your stone body is resilient. (AC +4)
You are immune to poison.
You resist negative energy. (rN+)
You are resistant to electric shocks. (rElec)
You can survive without breathing.
You are immune to petrification.
You are immune to rotting.


Message History

The quokka bites you but does no damage.
The orc hits you with a +1 hand axe of freezing.
The orc freezes you.
You closely miss the orc priest.
The orc priest is almost dead.
The bat hits you but does no damage.
The orc priest mumbles some strange prayers to Beogh against you.
Beogh smites you!
* * * LOW HITPOINT WARNING * * *
The quokka bites you but does no damage.
The orc hits you with a +1 hand axe of freezing.
* * * LOW HITPOINT WARNING * * *
The orc freezes you.
* * * LOW HITPOINT WARNING * * *
You hit the orc priest but do no damage.
The orc priest is almost dead.
The bat hits you but does no damage. The quokka barely misses you.
The orc priest calls down the wrath of Beogh upon you.
Beogh smites you!
You die...

##..# #.# #......#. #..#
#.# #.PP...#. #..# #.#
#÷...÷.#.
##..###.#####P.....#.
#..........##.÷.÷..#.
#########.....##.PPP..'#
...%....#.....##......##
.......o#.....#########
..≈.≈≈.@#####.##########
...≈.§rob.###......^....
..≈.≈...'.........#####.
..≈≈.≈..########........
........#..........#(.##
........#...####...##÷#
###########.####.#....##
#.#..........#
#.#...(.....##


You could see an orc priest, an orc, a quokka and a bat.

Vanquished Creatures
  2 jellies (D:3)
  3 adders
  8 oozes (D:3)
  4 worms
  2 dart slugs
  2 leopard geckos (D:1)
  4 orcs (D:3)
  5 bats
  2 giant cockroaches
  5 goblins
  8 hobgoblins
  2 quokkas (D:3)
  A ball python (D:3)
  4 frilled lizards
  13 kobolds
  8 rats
73 creatures vanquished.

Vanquished Creatures (others)
  2 fungi (D:3)
  7 toadstools (D:3)
9 creatures vanquished.

Grand Total: 82 creatures vanquished

Notes
Turn   | Place    | Note
-------+----------+-------------------------------------------
     0 | D:1      | HoaS the Gargoyle Berserker began the quest for the Orb.
     0 | D:1      | Reached XP level 1. HP: 14/14 MP: 1/1
   324 | D:1      | Reached XP level 2. HP: 19/19 MP: 2/2
   884 | D:1      | Reached XP level 3. HP: 24/24 MP: 3/3
  1079 | D:2      | Found a radiant altar of Vehumet.
  1080 | D:2      | Found a burning altar of Makhleb.
  1138 | D:2      | Reached skill level 4 in Unarmed Combat
  1168 | D:2      | Reached ** piety under Trog
  1233 | D:2      | Reached XP level 4. HP: 29/29 MP: 4/4
  1282 | D:2      | Found a sacrificial altar of Ru.
  1285 | D:2      | Found a white marble altar of Elyvilon.
  1288 | D:2      | Found a shimmering blue altar of Sif Muna.
  1538 | D:3      | Found a blossoming altar of Fedhas.
  1679 | D:3      | Found an ancient bone altar of Kikubaaqudgha.
  1928 | D:3      | Reached XP level 5. HP: 34/34 MP: 5/5
  1941 | D:3      | Reached skill level 5 in Unarmed Combat
  1942 | D:3      | Reached *** piety under Trog
  2259 | D:3      | Killed from afar by an orc priest

Illustrated notes

Levels and vault maps discovered:
D:1:      noname_arrival_rooms_in_the_neighbourhood, layout_basic,
          minmay_pentomino_s2
D:2:      layout_rooms, gammafunk_temple_overflow_pools,
          grunt_temple_overflow_diamond
D:3:      cheibrodos_fertilizer, layout_rooms,
          grunt_temple_overflow_growth_and_decay, first_ration,
          grunt_ministairs_1, kennysheep_generic_room_4

Skill      XL: |  1  2  3  4  5 |
---------------+----------------+-----
Unarmed Combat | 4 5 |  5.5
Fighting       | 4 |  4.7
Armour         | |  2.1
Dodging        | |  1.5

Action                   |  1- 3 |  4- 6 || total
-------------------------+-------+-------++-------
Melee: Unarmed           |   130 |   151 ||   281
       Punch             |       |     1 ||     1
 Stab: Sleeping          |     1 |       ||     1
  Eat: Chunk             |     1 |     3 ||     4
Armor: Animal skin       |    28 |       ||    28
       Plate armour      |    34 |    99 ||   133
Dodge: Dodged            |    66 |    51 ||   117

Table legend:
 A = Non-vault XP
 B = Vault XP
 C = Vault XP percentage of total XP
 D = Non-vault monster count
 E = Vault monster count
 F = Vault count percentage of total count
                 A         B        C        D         E       F
            +---------+---------+-------+---------+---------+-------
      Total |     144 |     154 |  51.7 |      53 |      20 |  27.4
            +---------+---------+-------+---------+---------+-------
        D:1 |      31 |       4 |  11.4 |      18 |       2 |  10.0
        D:2 |      54 |       0 |   0.0 |      16 |       0 |   0.0
        D:3 |      59 |     150 |  71.8 |      19 |      18 |  48.6
            +---------+---------+-------+---------+---------+-------
